[Event "Turkish Super League 2019"]
[Site "Konya"]
[Date "2019.07.21"]
[Round "5"]
[White "Cansun, Can Alp"]
[Black "Tarlabasi, Emirhan"]
[Result "1/2-1/2"]
[ECO "C03"]
[WhiteElo "2121"]
[BlackElo "2352"]
[Annotator "NA"]
[PlyCount "118"]
[EventDate "2019.07.17"]
[EventType "team-tourn"]
[EventCountry "TUR"]
[SourceTitle "playchess.com"]
[Source "ChessBase"]
[SourceQuality "1"]
[TimeControl "40/5400+30:1800+30"]

1. e4 e6 2. d4 d5 3. Nd2 Be7 4. g3 c5 5. exd5 Qxd5 6. Ngf3 cxd4 7. Bg2 Nc6 8. O-O Bf6 9. Re1 Qd8 10. Ne4 Be7 11. Bf4 f6 12. c3 dxc3 13. Qe2 e5 14. Rad1 Qa5 15. Nxc3 Bg4 16. h3 Bh5 17. g4 Bf7 18. Nxe5 Nxe5 19. Bxe5 fxe5 20. Bxb7 Rd8 21. Bc6+ Kf8 22. Qf3 Nf6 23. Rxd8+ Bxd8 24. g5 e4 25. Qg2 Nh5 26. h4 g6 27. Qxe4 Bxg5 28. hxg5 Qxg5+ 29. Kf1 Nf6 30. Qe7+ Kg7 31. Nd5 Qh4 32. Ne3 Qh3+ 33. Bg2 Qd7 34. Qxd7 Nxd7 35. Nd5 Re8 36. Rc1 Nf6 37. Rc7 Rd8 38. Nxf6 Kxf6 39. Rxa7 h5 40. b4 Rd2 41. a4 Rb2 42. b5 Bc4+ 43. Kg1 g5 44. Rc7 Be2 45. Rc6+ Kf5 46. b6 Ba6 47. a5 Rb5 48. b7 Bxb7 49. Rb6 Rxb6 50. axb6 Ba6 51. b7 Bxb7 52. Bxb7 Kf4 53. Kg2 g4 54. Kf1 h4 55. Kg2 Kg5 56. Bc8 Kf4 57. Bb7 Kg5 58. Ba6 Kf4 59. Bb7 Ke5 1/2-1/2

[Event "Turkish Super League 2019"]
[Site "Konya"]
[Date "2019.07.21"]
[Round "5"]
[White "Seyhanoglu, Deniz"]
[Black "Annaberdiyev, Babageldi"]
[Result "0-1"]
[ECO "A13"]
[WhiteElo "2115"]
[BlackElo "2244"]
[Annotator "NA"]
[PlyCount "86"]
[EventDate "2019.07.17"]
[EventType "team-tourn"]
[EventCountry "TUR"]
[SourceTitle "playchess.com"]
[Source "ChessBase"]
[SourceQuality "1"]
[TimeControl "40/5400+30:1800+30"]

1. c4 e6 2. g3 d5 3. Bg2 c6 4. Nf3 Nd7 5. b3 Ngf6 6. O-O a5 7. Nc3 Bb4 8. Bb2 O-O 9. a3 Be7 10. d4 Rb8 11. Qd3 b5 12. cxb5 cxb5 13. Nxb5 Ba6 14. a4 Ne4 15. Nd2 Nd6 16. Qe3 Bxb5 17. axb5 Nxb5 18. Rfc1 Bb4 19. Qd3 Nf6 20. Nf3 Qb6 21. Ne5 Rfc8 22. g4 Bd6 23. g5 Bxe5 24. dxe5 Nd7 25. Qd2 Rxc1+ 26. Rxc1 Nf8 27. e3 Na7 28. Bd4 Qb7 29. Bc5 Nc6 30. Bd6 Rc8 31. Bf1 Ng6 32. Qc3 h6 33. gxh6 Nce7 34. Qd2 Rxc1 35. Qxc1 Qxb3 36. Qc7 Nf5 37. Qd8+ Kh7 38. hxg7 Kxg7 39. Qxa5 Qd1 40. Qb4 d4 41. exd4 Nxd4 42. f3 Nf4 43. Qa3 Qe1 0-1

[Event "Turkish Super League 2019"]
[Site "Konya"]
[Date "2019.07.21"]
[Round "5"]
[White "Dolgun, Can"]
[Black "Ozer, Omer Faruk"]
[Result "0-1"]
[ECO "B15"]
[WhiteElo "2064"]
[BlackElo "2369"]
[Annotator "NA"]
[PlyCount "70"]
[EventDate "2019.07.17"]
[EventType "team-tourn"]
[EventCountry "TUR"]
[SourceTitle "playchess.com"]
[Source "ChessBase"]
[SourceQuality "1"]
[TimeControl "40/5400+30:1800+30"]

1. e4 g6 2. d4 Bg7 3. Nc3 c6 4. Nf3 d5 5. h3 dxe4 6. Nxe4 Nf6 7. Nxf6+ exf6 8. Bc4 O-O 9. Be3 Nd7 10. Qd2 Nb6 11. Be2 Nd5 12. Bh6 Bxh6 13. Qxh6 Re8 14. Qd2 Qe7 15. O-O Bxh3 16. Bc4 Bg4 17. Bxd5 cxd5 18. Rfe1 Qd7 19. Rxe8+ Rxe8 20. Re1 Bxf3 21. Rxe8+ Qxe8 22. gxf3 Qc6 23. Qa5 a6 24. a4 Qxc2 25. Qxd5 Qc1+ 26. Kh2 Qh6+ 27. Kg3 Qg5+ 28. Qxg5 fxg5 29. f4 gxf4+ 30. Kxf4 Kf8 31. Kg5 h5 32. f4 Ke7 33. f5 f6+ 34. Kh4 gxf5 35. Kxh5 Ke6 0-1

[Event "Turkish Super League 2019"]
[Site "Konya"]
[Date "2019.07.21"]
[Round "5"]
[White "Kitir, Ahmet"]
[Black "Apaydin, Fethi"]
[Result "1/2-1/2"]
[ECO "B50"]
[WhiteElo "2012"]
[BlackElo "2310"]
[Annotator "NA"]
[PlyCount "161"]
[EventDate "2019.07.17"]
[EventType "team-tourn"]
[EventCountry "TUR"]
[SourceTitle "playchess.com"]
[Source "ChessBase"]
[SourceQuality "1"]
[TimeControl "40/5400+30:1800+30"]

1. e4 c5 2. Nf3 d6 3. b3 Nf6 4. e5 dxe5 5. Nxe5 Qd4 6. Bb5+ Nbd7 7. Bb2 Qe4+ 8. Kf1 a6 9. Bd3 Qh4 10. Qf3 Nxe5 11. Bxe5 Qg4 12. Be2 Qf5 13. Qxf5 Bxf5 14. d3 O-O-O 15. Nd2 Nd7 16. Bc3 e6 17. a4 f6 18. Nc4 Kc7 19. Bf3 b6 20. Re1 h5 21. Be4 Bxe4 22. Rxe4 e5 23. f4 exf4 24. Re6 h4 25. h3 Rh5 26. Kf2 Rd5 27. Rhe1 Bd6 28. Bd2 Nf8 29. Re8 Rxe8 30. Rxe8 Nd7 31. Nxd6 Kxd6 32. Bxf4+ Ne5 33. a5 bxa5 34. Ra8 Kc6 35. Rxa6+ Kb5 36. Ra7 Rd7 37. Ra8 Nc6 38. Bd2 Kb6 39. Rh8 Nd4 40. Rb8+ Kc6 41. Rc8+ Kb6 42. Rb8+ Ka7 43. Rc8 Rd5 44. Rc7+ Kb6 45. Rxg7 Nxc2 46. Bc3 Rxd3 47. Bxf6 Rxb3 48. Bxh4 a4 49. Bd8+ Kc6 50. Ra7 a3 51. h4 Nd4 52. Bf6 Nb5 53. Ra8 Kb7 54. Ra5 Nd6 55. Be5 Ne4+ 56. Ke2 Kc6 57. g4 Kd5 58. Bg7 Ng3+ 59. Kd2 Rb4 60. Rxa3 Rxg4 61. Bf8 Ne4+ 62. Ke2 c4 63. h5 Kd4 64. h6 Rg2+ 65. Ke1 c3 66. h7 Rg1+ 67. Ke2 Ng3+ 68. Kf2 Rf1+ 69. Kxg3 Rxf8 70. Ra7 c2 71. Rc7 Kd3 72. Rd7+ Ke2 73. Re7+ Kd1 74. Rd7+ Kc1 75. Kg4 Rb8 76. Kg5 Kb1 77. Rc7 Rh8 78. Kg6 c1=Q 79. Rxc1+ Kxc1 80. Kg7 Rxh7+ 81. Kxh7 1/2-1/2

[Event "Turkish Super League 2019"]
[Site "Konya"]
[Date "2019.07.21"]
[Round "6"]
[White "Abasov, Nijat"]
[Black "Moiseenko, Vadim"]
[Result "1-0"]
[ECO "C42"]
[WhiteElo "2641"]
[BlackElo "2523"]
[Annotator "ChessBase"]
[PlyCount "122"]
[EventDate "2019.07.17"]
[EventType "team-tourn"]
[EventCountry "TUR"]
[SourceTitle "playchess.com"]
[Source "ChessBase"]
[SourceQuality "1"]
[TimeControl "40/5400+30:1800+30"]

1. e4 e5 2. Nf3 Nf6 3. Nxe5 d6 4. Nf3 Nxe4 5. c4 d5 6. Nc3 Be6 7. cxd5 Nxc3 8. dxc3 Qxd5 9. Bd3 Nd7 10. O-O Nc5 11. Bc2 Qxd1 12. Rxd1 Bd6 13. Nd4 O-O-O 14. b4 Nd7 15. Nxe6 fxe6 16. Re1 Be5 17. Bb2 Bf6 18. Rxe6 Ne5 19. Bf5 Kb8 20. Re1 a5 21. bxa5 Nd3 22. Bxd3 Rxd3 23. a6 b6 24. Rc6 Rhd8 25. Kf1 R3d6 26. Rc4 Rd2 27. Bc1 Rxa2 28. Bf4 Rd7 29. Bxc7+ Ka7 30. Rb1 b5 31. Rc5 b4 32. Rc6 Bxc3 33. Bd6 Bd4 34. Rd1 Rxf2+ 35. Ke1 Rc2 36. Bb8+ Kxb8 37. Rxc2 b3 38. Rc4 b2 39. Rb4+ Ka7 40. Rd3 Re7+ 41. Kd2 Bf6 42. Rdb3 Rd7+ 43. Ke3 Rd8 44. g3 Re8+ 45. Kd3 Rd8+ 46. Ke4 Re8+ 47. Kf3 Be5 48. Rb6 Rf8+ 49. Ke4 Bf6 50. Rc6 Rf7 51. Kd5 Rd7+ 52. Ke6 Re7+ 53. Kd6 Rf7 54. Rcb6 Rf8 55. Kd7 Be5 56. Rb7+ Ka8 57. Re3 Rf7+ 58. Ke6 Rf1 59. Rxe5 b1=Q 60. Rxb1 Rxb1 61. Kf7 Rb2 1-0

[Event "Turkish Super League 2019"]
[Site "Konya"]
[Date "2019.07.21"]
[Round "6"]
[White "Kravtsiv, Martyn"]
[Black "Visakh N R"]
[Result "1-0"]
[ECO "D02"]
[WhiteElo "2628"]
[BlackElo "2526"]
[Annotator "ChessBase"]
[PlyCount "143"]
[EventDate "2019.07.17"]
[EventType "team-tourn"]
[EventCountry "TUR"]
[SourceTitle "playchess.com"]
[Source "ChessBase"]
[SourceQuality "1"]
[TimeControl "40/5400+30:1800+30"]

1. d4 Nf6 2. Bf4 d5 3. e3 e6 4. Nf3 c5 5. Nbd2 Nc6 6. c3 Bd6 7. Bg3 Bxg3 8. hxg3 Qd6 9. Bb5 Bd7 10. Bxc6 Bxc6 11. Ne5 cxd4 12. exd4 Qc7 13. Qe2 O-O-O 14. O-O Kb8 15. Rfc1 Be8 16. a4 Rc8 17. c4 dxc4 18. Nexc4 h5 19. Nb3 h4 20. Nb6 Bc6 21. Nxc8 hxg3 22. fxg3 Rxc8 23. Qe3 Ne4 24. Nc5 Nxg3 25. Rc3 Nf5 26. Qe5 Ka8 27. Qxc7 Rxc7 28. Rd1 Rc8 29. b4 Bd5 30. Ne4 Rf8 31. Nc5 Rc8 32. Ne4 Rf8 33. Ng3 g6 34. Nxf5 gxf5 35. Rdc1 Kb8 36. b5 a6 37. bxa6 bxa6 38. g3 Rd8 39. Rb1+ Bb7 40. Rc4 Rd7 41. Rb6 Ka7 42. a5 Bd5 43. Rc5 Be4 44. Kf2 Bd5 45. Ke3 Bb7 46. Rc4 f6 47. Rc5 Re7 48. Rd6 Bd5 49. Rc8 Rg7 50. Kf2 Rf7 51. Rcd8 Rb7 52. Rf8 Rb2+ 53. Ke1 Rb1+ 54. Kd2 Rb2+ 55. Kc1 Rb5 56. Rxf6 Rxa5 57. Rf7+ Bb7 58. Rxe6 Rb5 59. Kc2 Rb4 60. Kc3 Rb5 61. Ree7 Kb8 62. Re8+ Ka7 63. Re5 Rb6 64. Rfxf5 Rc6+ 65. Rc5 Rg6 66. Rg5 Rf6 67. g4 Kb6 68. Rgf5 Re6 69. g5 Re3+ 70. Kd2 Rg3 71. Rf6+ Ka7 72. g6 1-0

[Event "Turkish Super League 2019"]
[Site "Konya"]
[Date "2019.07.21"]
[Round "6"]
[White "Esipenko, Andrey"]
[Black "Ali Marandi, Cemil Can"]
[Result "1/2-1/2"]
[ECO "D30"]
[WhiteElo "2621"]
[BlackElo "2527"]
[Annotator "ChessBase"]
[PlyCount "72"]
[EventDate "2019.07.17"]
[EventType "team-tourn"]
[EventCountry "TUR"]
[SourceTitle "playchess.com"]
[Source "ChessBase"]
[SourceQuality "1"]
[TimeControl "40/5400+30:1800+30"]

1. d4 d5 2. c4 c6 3. Nf3 Nf6 4. e3 e6 5. Bd3 Nbd7 6. b3 dxc4 7. bxc4 e5 8. Nbd2 Qe7 9. Qc2 exd4 10. Nxd4 g6 11. O-O Bg7 12. Bb2 O-O 13. Rfe1 Re8 14. Bf1 Nf8 15. e4 Ne6 16. Nf5 gxf5 17. exf5 Qf8 18. fxe6 Bxe6 19. Nf3 Bg4 20. Ne5 Bh5 21. Qb3 Qc5 22. Bc3 Bg6 23. Qxb7 Ng4 24. Nxg4 Bxc3 25. Rxe8+ Rxe8 26. Rd1 h5 27. Qd7 Re7 28. Qd8+ Kg7 29. Ne3 Ba5 30. Qd6 Bb6 31. Qxc5 Bxc5 32. Bd3 Bxe3 33. fxe3 Rxe3 34. Bxg6 Kxg6 35. Rd6+ f6 36. Rxc6 Ra3 1/2-1/2

[Event "Turkish Super League 2019"]
[Site "Konya"]
[Date "2019.07.21"]
[Round "6"]
[White "Rakhmanov, Aleksandr"]
[Black "Romanov, Evgeny"]
[Result "1/2-1/2"]
[ECO "A12"]
[WhiteElo "2615"]
[BlackElo "2582"]
[Annotator "ChessBase"]
[PlyCount "41"]
[EventDate "2019.07.17"]
[EventType "team-tourn"]
[EventCountry "TUR"]
[SourceTitle "playchess.com"]
[Source "ChessBase"]
[SourceQuality "1"]
[TimeControl "40/5400+30:1800+30"]

1. Nf3 d5 2. g3 Nf6 3. Bg2 c6 4. O-O Bf5 5. b3 e6 6. Bb2 Be7 7. d3 h6 8. Nbd2 Bh7 9. c4 O-O 10. a3 a5 11. Ne5 Nbd7 12. Nxd7 Qxd7 13. Nf3 Rfc8 14. Rc1 Qd8 15. Qc2 Qf8 16. Ra1 Nd7 17. Rfd1 Nc5 18. Rab1 Na6 19. Ra1 Nc5 20. Rab1 Na6 21. Ra1 1/2-1/2

[Event "Turkish Super League 2019"]
[Site "Konya"]
[Date "2019.07.21"]
[Round "6"]
[White "Nihal Sarin"]
[Black "Benidze, Davit"]
[Result "1-0"]
[ECO "C41"]
[WhiteElo "2610"]
[BlackElo "2469"]
[Annotator "ChessBase"]
[PlyCount "59"]
[EventDate "2019.07.17"]
[EventType "team-tourn"]
[EventCountry "TUR"]
[SourceTitle "playchess.com"]
[Source "ChessBase"]
[SourceQuality "1"]
[TimeControl "40/5400+30:1800+30"]

1. e4 e5 2. Nf3 d6 3. d4 Nd7 4. Bc4 Be7 5. dxe5 Nxe5 6. Nxe5 dxe5 7. Qh5 g6 8. Qxe5 Nf6 9. Bh6 Qd6 10. Qxd6 cxd6 11. Nc3 Be6 12. Bxe6 fxe6 13. f3 a6 14. O-O-O Nd7 15. Ne2 Rc8 16. Bf4 Ne5 17. h4 Nf7 18. Rd3 Rc5 19. Be3 Rc7 20. Bb6 Rc6 21. Rb3 e5 22. Be3 Rc7 23. Nc3 Rd7 24. Nd5 O-O 25. Rc3 Bd8 26. Kd2 Kg7 27. Ke2 h6 28. a4 Bf6 29. g4 Be7 30. Nb6 1-0

[Event "Turkish Super League 2019"]
[Site "Konya"]
[Date "2019.07.21"]
[Round "6"]
[White "Can, Emre"]
[Black "Annaberdiev, Meilis"]
[Result "0-1"]
[ECO "E06"]
[WhiteElo "2595"]
[BlackElo "2515"]
[Annotator "ChessBase"]
[PlyCount "98"]
[EventDate "2019.07.17"]
[EventType "team-tourn"]
[EventCountry "TUR"]
[SourceTitle "playchess.com"]
[Source "ChessBase"]
[SourceQuality "1"]
[TimeControl "40/5400+30:1800+30"]

1. d4 Nf6 2. c4 e6 3. Nf3 b6 4. g3 c6 5. Bg2 Be7 6. O-O O-O 7. Nbd2 d5 8. Qc2 c5 9. dxc5 bxc5 10. e4 Nc6 11. exd5 exd5 12. cxd5 Nxd5 13. a3 Nd4 14. Nxd4 cxd4 15. Rd1 Ba6 16. Nf3 d3 17. Qa4 Qc8 18. Ne5 Nb6 19. Qb3 Qc2 20. Qxc2 dxc2 21. Rd2 Rad8 22. Nc6 Rxd2 23. Nxe7+ Kh8 24. Bxd2 Rd8 25. Nd5 Nxd5 26. Bf3 Bc4 27. Re1 Bb3 28. Kf1 h6 29. Bxd5 Bxd5 30. Rc1 Bb3 31. Ke2 Rd5 32. Ra1 Ba4 33. b4 a6 34. h4 h5 35. Rc1 Kh7 36. Bc3 Rd1 37. Bd2 Kg6 38. Kd3 Kf5 39. Rxc2 Bxc2+ 40. Kxc2 Rf1 41. Be3 Ke4 42. a4 Ra1 43. Kb3 Kd3 44. Bc5 g6 45. Be7 Rb1+ 46. Ka2 Re1 47. Bc5 Kc4 48. a5 Re2+ 49. Ka3 Rc2 0-1

[Event "Turkish Super League 2019"]
[Site "Konya"]
[Date "2019.07.21"]
[Round "6"]
[White "Mchedlishvili, Mikheil"]
[Black "Esen, Baris"]
[Result "1-0"]
[ECO "E90"]
[WhiteElo "2571"]
[BlackElo "2478"]
[Annotator "ChessBase"]
[PlyCount "71"]
[EventDate "2019.07.17"]
[EventType "team-tourn"]
[EventCountry "TUR"]
[SourceTitle "playchess.com"]
[Source "ChessBase"]
[SourceQuality "1"]
[TimeControl "40/5400+30:1800+30"]

1. c4 g6 2. d4 Nf6 3. Nc3 Bg7 4. e4 d6 5. h3 O-O 6. Be3 c6 7. Nf3 a6 8. Bd3 b5 9. e5 Ne8 10. O-O Nd7 11. exd6 exd6 12. b3 Ndf6 13. Qd2 Nc7 14. Bh6 Bb7 15. Rad1 Re8 16. Bxg7 Kxg7 17. Qb2 Ne6 18. Rfe1 d5 19. cxd5 cxd5 20. Ne2 b4 21. Ne5 Qb6 22. f4 a5 23. f5 Nf8 24. Ng3 g5 25. Kh1 h6 26. Bb1 Ba6 27. Qf2 Rac8 28. Qf3 N8h7 29. Nh5+ Nxh5 30. Qxh5 Rc7 31. Ng4 Rh8 32. Re6 fxe6 33. Qxh6+ Kg8 34. fxe6 Qd6 35. Re1 Rg7 36. e7 1-0

[Event "Turkish Super League 2019"]
[Site "Konya"]
[Date "2019.07.21"]
[Round "6"]
[White "Heberla, Bartlomiej"]
[Black "Dogan, Nazmi Can"]
[Result "1/2-1/2"]
[ECO "E97"]
[WhiteElo "2534"]
[BlackElo "2276"]
[Annotator "ChessBase"]
[PlyCount "119"]
[EventDate "2019.07.17"]
[EventType "team-tourn"]
[EventCountry "TUR"]
[SourceTitle "playchess.com"]
[Source "ChessBase"]
[SourceQuality "1"]
[TimeControl "40/5400+30:1800+30"]

1. c4 g6 2. Nc3 Bg7 3. d4 Nf6 4. e4 O-O 5. Nf3 d6 6. Be2 e5 7. O-O Nc6 8. dxe5 dxe5 9. Bg5 Qxd1 10. Rfxd1 Bg4 11. h3 Bxf3 12. Bxf3 Nd4 13. Nd5 Nxd5 14. cxd5 Nxf3+ 15. gxf3 f6 16. Be3 Rf7 17. Rd3 Bf8 18. Rb3 b6 19. a4 a5 20. Rc3 Bd6 21. Rc6 Rb8 22. Kf1 Kf8 23. Ke2 Ke8 24. Kd3 Kd7 25. Kc4 f5 26. h4 fxe4 27. fxe4 Rf3 28. h5 g5 29. Rg1 Rg8 30. Kd3 Rh3 31. Rcc1 Rxh5 32. Rh1 Rxh1 33. Rxh1 Rg7 34. Ke2 g4 35. Kf1 g3 36. fxg3 Rxg3 37. Rxh7+ Kc8 38. Kf2 Rg6 39. Rh6 Rxh6 40. Bxh6 c6 41. Bd2 Kd7 42. Ke3 Bc5+ 43. Kd3 Kd6 44. dxc6 Kxc6 45. Kc4 Bd6 46. Be3 Be7 47. Bh6 Bc5 48. Bg5 Bd4 49. b3 Bc5 50. Kd3 Bd6 51. Bd2 Bc7 52. Bc3 b5 53. Be1 Kc5 54. Kc3 Kc6 55. Bh4 Bb6 56. Kd3 Bc7 57. Be1 Bb6 58. Bc3 Bc7 59. Bb2 Bb8 60. Bc3 1/2-1/2

[Event "Turkish Super League 2019"]
[Site "Konya"]
[Date "2019.07.21"]
[Round "6"]
[White "Gholami, Aryan"]
[Black "Rozum, Ivan"]
[Result "1-0"]
[ECO "A30"]
[WhiteElo "2532"]
[BlackElo "2583"]
[Annotator "ChessBase"]
[PlyCount "131"]
[EventDate "2019.07.17"]
[EventType "team-tourn"]
[EventCountry "TUR"]
[SourceTitle "playchess.com"]
[Source "ChessBase"]
[SourceQuality "1"]
[TimeControl "40/5400+30:1800+30"]

1. Nf3 Nf6 2. g3 b6 3. Bg2 Bb7 4. O-O e6 5. c4 c5 6. Nc3 Be7 7. Re1 Ne4 8. Qc2 Nxc3 9. dxc3 d6 10. Bf4 Qc7 11. Rad1 h6 12. Qd3 e5 13. Nxe5 Bxg2 14. Ng6 fxg6 15. Qxg6+ Kf8 16. Kxg2 Nd7 17. Bxd6 Bxd6 18. Rxd6 Nf6 19. Red1 Qe7 20. Qf5 Re8 21. Rd7 Qxe2 22. R1d6 Qe4+ 23. Qxe4 Nxe4 24. Rc6 Ra8 25. a4 Nf6 26. Rb7 Ne8 27. a5 bxa5 28. Rxc5 a4 29. Ra5 h5 30. Raxa7 Rc8 31. Rxa4 Rh6 32. b3 Rd6 33. Ra5 h4 34. Rh5 Kg8 35. Rxh4 Rd3 36. b4 Rxc3 37. c5 Rc7 38. Rb8 Kf7 39. Rf4+ Nf6 40. g4 Ke6 41. Rb6+ Ke5 42. Rf5+ Kd4 43. Rd6+ Kc4 44. Rf4+ Kb3 45. g5 Ng8 46. Rg6 Ne7 47. Rd6 Nc8 48. Rdd4 Na7 49. Rde4 Rb7 50. g6 Nc6 51. Rf7 Rb8 52. Rxg7 Nxb4 53. Rf7 Rxc5 54. Rg4 Nd3 55. g7 Rcc8 56. Rf5 Kc3 57. h4 Ne1+ 58. Kh2 Kd2 59. h5 Ke2 60. Re4+ Kf1 61. Rg4 Rg8 62. h6 Rb6 63. Rh5 Kxf2 64. h7 Nf3+ 65. Kh3 Rb1 66. Rg2+ 1-0

[Event "Turkish Super League 2019"]
[Site "Konya"]
[Date "2019.07.21"]
[Round "6"]
[White "Dimitrov, Radoslav"]
[Black "Asadli, Vugar"]
[Result "1/2-1/2"]
[ECO "C48"]
[WhiteElo "2530"]
[BlackElo "2502"]
[Annotator "ChessBase"]
[PlyCount "89"]
[EventDate "2019.07.17"]
[EventType "team-tourn"]
[EventCountry "TUR"]
[SourceTitle "playchess.com"]
[Source "ChessBase"]
[SourceQuality "1"]
[TimeControl "40/5400+30:1800+30"]

1. e4 e5 2. Nc3 Nf6 3. Nf3 Nc6 4. Bb5 Nd4 5. Bc4 Bc5 6. d3 d6 7. Nxd4 Bxd4 8. O-O O-O 9. Qf3 h6 10. h3 c6 11. Ne2 Bc5 12. Ng3 d5 13. Bb3 Re8 14. Be3 Bf8 15. Rad1 Be6 16. Nf5 a5 17. a4 Ra6 18. Bd2 Kh7 19. Ng3 g6 20. Bc3 d4 21. Bxe6 Rxe6 22. Bd2 Bg7 23. Ne2 b5 24. Ra1 Qb6 25. b3 Qc5 26. Rfc1 b4 27. g4 Ra7 28. Qg3 Rae7 29. Kg2 Nd7 30. Qh4 f6 31. Ra2 Rf7 32. Ng3 Nb6 33. Rg1 Nc8 34. Kf1 Nd6 35. Nf5 gxf5 36. gxf5 Ree7 37. Bxh6 Kg8 38. Ke2 Ne8 39. Rg6 Kf8 40. Qg4 Rc7 41. Bd2 Ke7 42. h4 Kd8 43. h5 Bf8 44. h6 Rh7 45. Qh4 1/2-1/2

[Event "Turkish Super League 2019"]
[Site "Konya"]
[Date "2019.07.21"]
[Round "6"]
[White "Iljiushenok, Ilia"]
[Black "Durarbayli, Vasif"]
[Result "0-1"]
[ECO "C45"]
[WhiteElo "2520"]
[BlackElo "2637"]
[Annotator "ChessBase"]
[PlyCount "126"]
[EventDate "2019.07.17"]
[EventType "team-tourn"]
[EventCountry "TUR"]
[SourceTitle "playchess.com"]
[Source "ChessBase"]
[SourceQuality "1"]
[TimeControl "40/5400+30:1800+30"]

1. e4 e5 2. Nf3 Nc6 3. d4 exd4 4. Nxd4 Bc5 5. Be3 Qf6 6. c3 Qg6 7. Qf3 Ne5 8. Qf5 d6 9. Qxg6 hxg6 10. Nc2 Bxe3 11. Nxe3 g5 12. f3 Nf6 13. Na3 Be6 14. Nb5 Kd7 15. h3 a6 16. Nd4 c5 17. Nxe6 fxe6 18. O-O-O b5 19. Be2 Ke7 20. Rhe1 Rab8 21. Kc2 Rb6 22. a4 Rhb8 23. axb5 axb5 24. b4 Nc6 25. Kb3 Nh5 26. Bf1 Ne5 27. Ra1 R8b7 28. Red1 Ng3 29. Ra5 Nxf1 30. Rxf1 cxb4 31. cxb4 Nc4 32. Nxc4 bxc4+ 33. Kc3 Rxb4 34. Rxg5 Rb3+ 35. Kc2 Kf6 36. h4 Ra7 37. Rc1 Ra2+ 38. Kd1 Rd3+ 39. Ke1 c3 40. f4 Re3+ 41. Kf1 Rxe4 42. Rxc3 Rxf4+ 43. Rf3 Raa4 44. Rgg3 g6 45. Ke2 Rae4+ 46. Kd3 d5 47. Rh3 Ke7 48. h5 gxh5 49. Rxh5 Rg4 50. g3 Ra4 51. Ke2 Ra2+ 52. Kf1 Rb4 53. Rf2 Rbb2 54. Rxb2 Rxb2 55. Rh6 Kd6 56. g4 Ke5 57. g5 Rb8 58. Rg6 Rf8+ 59. Ke2 Kf5 60. Rg7 Rh8 61. Ke3 Rh4 62. Kf3 Rh3+ 63. Ke2 Rg3 0-1

[Event "Turkish Super League 2019"]
[Site "Konya"]
[Date "2019.07.21"]
[Round "6"]
[White "Sanal, Vahap"]
[Black "Dastan, Muhammed Batuhan"]
[Result "1/2-1/2"]
[ECO "C63"]
[WhiteElo "2520"]
[BlackElo "2565"]
[Annotator "ChessBase"]
[PlyCount "62"]
[EventDate "2019.07.17"]
[EventType "team-tourn"]
[EventCountry "TUR"]
[SourceTitle "playchess.com"]
[Source "ChessBase"]
[SourceQuality "1"]
[TimeControl "40/5400+30:1800+30"]

1. e4 e5 2. Nf3 Nc6 3. Bb5 f5 4. d3 fxe4 5. dxe4 Nf6 6. Nc3 Bb4 7. Qd3 Bxc3+ 8. Qxc3 Qe7 9. O-O Nxe4 10. Qe3 Nf6 11. Bxc6 bxc6 12. Nxe5 O-O 13. Bd2 c5 14. Rfe1 d6 15. Ng4 Qxe3 16. Nxf6+ Rxf6 17. Rxe3 Bf5 18. c4 Re6 19. Rae1 Rae8 20. Ba5 Rxe3 21. Rxe3 Rxe3 22. fxe3 Be6 23. Bxc7 Bxc4 24. a3 d5 25. Bd6 a5 26. a4 d4 27. Kf2 dxe3+ 28. Kxe3 Bb3 29. Bxc5 Bxa4 30. Bb6 Bc6 31. Bxa5 Bxg2 1/2-1/2

[Event "Turkish Super League 2019"]
[Site "Konya"]
[Date "2019.07.21"]
[Round "6"]
[White "Quparadze, Giga"]
[Black "Sarana, Alexey"]
[Result "0-1"]
[ECO "B80"]
[WhiteElo "2499"]
[BlackElo "2640"]
[Annotator "ChessBase"]
[PlyCount "80"]
[EventDate "2019.07.17"]
[EventType "team-tourn"]
[EventCountry "TUR"]
[SourceTitle "playchess.com"]
[Source "ChessBase"]
[SourceQuality "1"]
[TimeControl "40/5400+30:1800+30"]

1. e4 c5 2. Nf3 d6 3. d4 cxd4 4. Nxd4 Nf6 5. Nc3 a6 6. g3 e6 7. Bg2 Be7 8. O-O O-O 9. a4 Nc6 10. Be3 Ne5 11. Qe2 Qc7 12. f4 Nc4 13. Bc1 Qc5 14. Rd1 e5 15. b4 Qxb4 16. Nd5 Nxd5 17. exd5 exd4 18. Qxe7 Qc3 19. Ra2 Ne3 20. Bd2 Qc4 21. Bxe3 dxe3 22. Raa1 Bg4 23. Re1 Rfe8 24. Qxd6 Qxc2 25. Kh1 Rac8 26. f5 Qd2 27. Qd7 g6 28. Qxb7 Rc2 29. d6 Bh3 30. Rg1 Bxg2+ 31. Qxg2 e2 32. Rge1 Qxd6 33. fxg6 hxg6 34. Qf3 Re6 35. Rab1 Qd4 36. a5 Rf6 37. Qg2 Qd2 38. Qa8+ Kg7 39. Kg2 Qe3 40. Kh1 Rf1+ 0-1

[Event "Turkish Super League 2019"]
[Site "Konya"]
[Date "2019.07.21"]
[Round "6"]
[White "Atalik, Ekaterina"]
[Black "Ozturk, Kubra"]
[Result "1/2-1/2"]
[ECO "A13"]
[WhiteElo "2459"]
[BlackElo "2317"]
[Annotator "ChessBase"]
[PlyCount "115"]
[EventDate "2019.07.17"]
[EventType "team-tourn"]
[EventCountry "TUR"]
[SourceTitle "playchess.com"]
[Source "ChessBase"]
[SourceQuality "1"]
[TimeControl "40/5400+30:1800+30"]

1. Nf3 d5 2. e3 Nf6 3. c4 e6 4. b3 c5 5. Bb2 Nc6 6. cxd5 exd5 7. Bb5 Bd6 8. O-O O-O 9. d4 cxd4 10. Nxd4 Bg4 11. Be2 Bxe2 12. Qxe2 Re8 13. Nd2 Rc8 14. N2f3 Ne4 15. Rfd1 Bf8 16. Nf5 Qa5 17. N3d4 g6 18. Nxc6 bxc6 19. Ng3 Nxg3 20. hxg3 Rcd8 21. Qf3 Bg7 22. Bxg7 Kxg7 23. Rd4 Qc3 24. Rad1 Qc2 25. R1d2 Qb1+ 26. Qd1 Qxd1+ 27. Rxd1 Kf6 28. Rc1 Rd6 29. Ra4 Re7 30. g4 h6 31. Kf1 Rc7 32. Rc5 Ke7 33. Ke2 Kd8 34. Kd3 Kc8 35. Rf4 Kb7 36. b4 a6 37. Rf3 Re6 38. Rf4 Rce7 39. a3 Kb6 40. Rf3 Kb7 41. Rc1 Kb6 42. Rf4 Kb5 43. Rc5+ Kb6 44. Rc2 Kb5 45. Rc1 Kb6 46. Rh1 g5 47. Rd4 Kb5 48. Rc1 Kb6 49. Rc5 Kb7 50. a4 Kb6 51. a5+ Kb7 52. Rc1 Re5 53. Rh1 R5e6 54. Rh3 Kc7 55. Rf3 Kd6 56. Rf5 Kd7 57. Rf3 Kd6 58. Rf5 1/2-1/2

[Event "Turkish Super League 2019"]
[Site "Konya"]
[Date "2019.07.21"]
[Round "6"]
[White "Haznedaroglu, Kivanc"]
[Black "Yaran, Siar"]
[Result "1-0"]
[ECO "D36"]
[WhiteElo "2448"]
[BlackElo "2197"]
[Annotator "NA"]
[PlyCount "65"]
[EventDate "2019.07.17"]
[EventType "team-tourn"]
[EventCountry "TUR"]
[SourceTitle "playchess.com"]
[Source "ChessBase"]
[SourceQuality "1"]
[TimeControl "40/5400+30:1800+30"]

1. d4 d5 2. c4 e6 3. Nc3 Nf6 4. cxd5 exd5 5. Bg5 Be7 6. e3 O-O 7. Bd3 c6 8. Qc2 Nbd7 9. Nge2 h6 10. Bh4 Re8 11. f3 b6 12. Bf2 c5 13. O-O Bb7 14. Rad1 a6 15. Bf5 Rc8 16. Nf4 b5 17. Qb1 cxd4 18. Rxd4 Bc5 19. Rd3 Ne5 20. Rdd1 Rc7 21. e4 g6 22. Bh3 d4 23. Nd3 Nxd3 24. Qxd3 Nh5 25. Ne2 Qg5 26. Rc1 Rd8 27. Bg4 Nf4 28. Nxf4 Qxf4 29. Bg3 Qe3+ 30. Qxe3 dxe3 31. Bxc7 e2+ 32. Rxc5 Rd1 33. Re1 1-0